 Dungeon Crawl Stone Soup version 0.31-a0-675-g238779eb0a (webtiles) character file.

Game seed: 15559109404105184214

60 qw the Shooter (level 4, -2/28 HPs)
             Began as a Gargoyle Hunter on Sept 5, 2023.
             Slain by a gnoll
             ... wielding a +0 spear
              (4 damage)
             ... on level 2 of the Dungeon.
             The game lasted 00:00:30 (803 turns).

qw the Shooter (Gargoyle Hunter)                     Turns: 803, Time: 00:00:30

Health: -2/28      AC:  7    Str: 15    XL:     4   Next: 4%
Magic:  4/4        EV: 11    Int:  9    God:
Gold:   43         SH:  0    Dex: 15    Spells: 3/3 levels left

rFire   . . .        Y - +0 shortbow
rCold   . . .        (shield currently unavailable)
rNeg    + . .        c - +0 leather armour
rPois   inf          k - +0 helmet
rElec   +            (no cloak)
rCorr   .            (no gloves)
SInv    .            (no boots)
Will    .....        (no amulet)
Stlth   ++           (no ring)
HPRegen 0.24/turn    (no ring)
MPRegen 0.09/turn

%: no passive effects
@: no status effects
A: sickness immunity, AC +3, negative energy resistance 1, electricity
resistance, torment resistance 1, petrification resistance
a: no special abilities


You were on level 2 of the Dungeon.
You visited 1 branch of the dungeon, and saw 2 of its levels.

You collected 43 gold pieces.


Innate Abilities, Weirdness & Mutations

You are immune to sickness and miasma.
Your stone body is resilient. (AC +3)
You are immune to poison.
You resist negative energy. (rN+)
You are resistant to electric shocks. (rElec)
You are resistant to unholy torment.
You are immune to petrification.


   Skills:
 - Level 3.2 Fighting
 + Level 5.0 Ranged Weapons
 - Level 1.5 Dodging
 - Level 1.1 Stealth


You had 3 spell levels left.
You didn't know any spells.
Your spell library was empty.

Inventory:

Hand Weapons
 Y - a +0 shortbow (weapon)
Armour
 a - a +0 pair of gloves
 c - a +0 leather armour (worn)
 k - a +0 helmet (worn)
Scrolls
 h - a scroll of identify
Potions
 e - a potion of degeneration {unknown}
 g - 2 potions of enlightenment
 j - a potion of attraction {unknown}

Dungeon Overview and Level Annotations

Branches:
Dungeon (2/15)

Altars:
Nemelex Xobeh


Message History

The gnoll barely misses you.
You shoot an arrow. The arrow hits the gnoll!
The gnoll is heavily wounded.
The gnoll misses you.
You shoot an arrow. The arrow hits the hobgoblin.
The hobgoblin is lightly wounded.
The gnoll hits you from afar with a +0 spear.
The hobgoblin hits you but does no damage.
You shoot an arrow. The arrow hits the hobgoblin.
The hobgoblin is heavily wounded.
The hobgoblin hits you but does no damage.
The gnoll hits you from afar with a +0 spear.
You shoot an arrow. The arrow hits the hobgoblin.
You kill the hobgoblin!
The gnoll hits you from afar with a +0 spear.
You shoot an arrow. The arrow barely misses the gnoll.
The gnoll hits you but does no damage. The gnoll barely misses you.
You shoot an arrow.
The arrow hits the gnoll but does no damage.
The gnoll is heavily wounded.
The gnoll hits you from afar with a +0 spear!
You shoot an arrow. The arrow barely misses the gnoll.
The gnoll hits you but does no damage.
You shoot an arrow. The arrow hits the gnoll.
The gnoll is severely wounded.
The gnoll hits you but does no damage.
You shoot an arrow.
The arrow hits the gnoll but does no damage.
The gnoll is severely wounded.
The gnoll hits you but does no damage.
You shoot an arrow. The arrow hits the gnoll.
The gnoll is severely wounded.
The gnoll barely misses you. x2
You shoot an arrow. The arrow closely misses the gnoll.
The gnoll hits you from afar with a +0 spear.
You shoot an arrow.
The arrow hits the gnoll but does no damage.
The gnoll is severely wounded.
The gnoll hits you from afar with a +0 spear.
You die...

.. ..# .. .... .#
....# .# ...##.
.# .... .#.
#.#g###.#..# #
#.#.)@%...# #.##
#.#)##....#
#...###.%:#....##
#.....#......#
####..##%#..#...
#........#..##...
#....###.#..#
....
##............
...
##..............


You could see a gnoll.

Vanquished Creatures
  2 gnolls (D:2)
  4 bats
  An endoplasm (D:1)
  4 giant cockroaches
  5 goblins
  5 hobgoblins
  4 kobolds (D:1)
  2 quokkas
  6 ball pythons
  5 frilled lizards
38 creatures vanquished.

Notes
Turn   | Place    | Note
-------+----------+-------------------------------------------
     0 | D:1      | qw the Gargoyle Hunter began the quest for the Orb.
     0 | D:1      | Reached XP level 1. HP: 12/12 MP: 1/1
     0 | D:1      | 0 ||| qw: Version: 0.3-a-75-g829b12e
     0 | D:1      | 0 ||| qw: Game counter: 46
     0 | D:1      | 0 ||| qw: Melee chars always use a shield: true
     0 | D:1      | 0 ||| qw: God list: Okawaru
     0 | D:1      | 0 ||| qw: Allow faded altars: false
     0 | D:1      | 0 ||| qw: Do Orc after clearing Dungeon:15 true
     0 | D:1      | 0 ||| qw: Do second Lair branch before Depths: true
     0 | D:1      | 0 ||| qw: Lair rune preference: random
     0 | D:1      | 0 ||| qw: Goals: Normal
     0 | D:1      | 0 ||| PLANNING D:1-11
   111 | D:1      | Reached XP level 2. HP: 17/17 MP: 2/2
   357 | D:1      | Reached XP level 3. HP: 21/21 MP: 3/3
   444 | D:1      | Reached skill level 5 in Ranged Weapons
   605 | D:1      | 605 ||| UPGRADING to +0 helmet.
   664 | D:1      | Found a sparkling altar of Nemelex Xobeh.
   674 | D:1      | 674 ||| READING scroll labelled QOKLAULURY.
   676 | D:1      | 676 ||| READING scroll labelled AGATHY REWIFI.
   683 | D:1      | 683 ||| READING 2 scrolls labelled RIETIR SAR DAUD.
   692 | D:1      | 692 ||| READING scroll labelled JAMY IBBETS.
   696 | D:1      | 696 ||| READING scroll labelled VYKHLU GYPANOHO.
   697 | D:1      | 697 ||| DRINKING 2 silvery potions.
   698 | D:1      | 698 ||| DROPPING scroll of butterflies.
   779 | D:2      | 779 ||| RETREATING.
   791 | D:2      | Reached skill level 3 in Fighting
   791 | D:2      | Reached XP level 4. HP: 14/28 MP: 4/4
   797 | D:2      | HP: 5/28 [gnoll/+0 spear (7)]
   802 | D:2      | HP: 2/28 [gnoll/+0 spear (5)]
   803 | D:2      | Slain by a gnoll

Levels and vault maps discovered:
D:1:      dpeg_arrival_lava_altar, layout_basic, nicolae_twisty_statue_hallways
D:2:      layout_rooms, minmay_tromino_mix6

Skill      XL: |  1  2  3 |
---------------+----------+-----
Ranged Weapons | 5 |  5.0
Fighting       | 3 |  3.2
Dodging        | |  1.5
Stealth        | |  1.1

Action                     |  1- 3 |  4- 6 || total
---------------------------+-------+-------++-------
   Fire: Shortbow          |   117 |    13 ||   130
    Use: Scroll            |     5 |       ||     5
         Potion            |     1 |       ||     1
 Armour: Leather armour    |    24 |    12 ||    36
  Dodge: Dodged            |    34 |     5 ||    39

Table legend:
 A = Non-vault XP
 B = Vault XP
 C = Vault XP percentage of total XP
 D = Non-vault monster count
 E = Vault monster count
 F = Vault count percentage of total count
                 A         B        C        D         E       F
            +---------+---------+-------+---------+---------+-------
      Total |      80 |       6 |   7.0 |      34 |       4 |  10.5
            +---------+---------+-------+---------+---------+-------
        D:1 |      45 |       0 |   0.0 |      28 |       0 |   0.0
        D:2 |      35 |       6 |  14.6 |       6 |       4 |  40.0
            +---------+---------+-------+---------+---------+-------
